Map: Cité émeraude EC

Players

Sorandom

  • Race: Terran Terran
  • League: Diamond
  • Spawn Location: 5:00

IA (moyenne) - Winner!

  • Race: Protoss Protoss
  • Spawn Location: 11:00

VOD

Have the link to the VOD?

Description

Time

  • Played on: April 3, 2019, 3:43 p.m.
  • Length: 26:33
Show
View Real Time Build Order
Export as new Build Order

Sorandom Terran 

Build Orders:  

Get SALT Encoding   

  12  0:03  SCV  
  13  0:19  SCV  
  14  0:30  Supply Depot  
  14  0:32  Refinery  
  14  0:34  SCV  
  15  0:51  SCV  
  15  0:53  Barracks  
  16  1:04  SCV  
  17  1:22  Engineering Bay  
  17  1:30  SCV  
  18  1:35  Barracks  
  18  1:42  SCV  
  18  1:43  Marine  
  20  1:50  Refinery  
  20  1:55  SCV  
  22  2:04  Reaper  
  22  2:07  SCV  
  23  2:32  Supply Depot  
  23  2:39  Bunker  
  23  2:45  Orbital Command  
  23  2:53  Marine x2  
  23  2:55  Supply Depot  
  25  3:11  Marine x2  
  27  3:29  Marine x2  
  29  3:47  Marine x2  
  31  3:54  Command Center  
  31  4:02  Terran Infantry Weapons Level 1  
  31  4:04  Marine x2  
  33  4:16  Factory  
  33  4:22  Marine  
  34  4:40  Marine  
  35  5:20  Command Center  
  35  5:38  Supply Depot  
  35  5:44  Marine x2  
  37  5:56  Terran Infantry Armor Level 1  
  36  6:01  Marine  
  36  6:02  Marine  
  38  6:19  Supply Depot, Marine  
  38  6:20  Marine  
  40  6:37  Marine  
  41  6:50  Orbital Command  
  41  6:52  Planetary Fortress  
  41  7:06  Supply Depot  
  41  7:08  Marine  
  42  7:26  Marine  
  43  7:44  Marine  
  43  7:46  Barracks Reactor  
  44  8:02  Marine  
  45  8:12  SCV x2  
  47  8:19  Marine  
  47  8:20  Factory Tech Lab  
  47  8:24  SCV  
  49  8:27  SCV x2  
  51  8:34  Starport  
  51  8:37  Marine  
  52  8:55  Marine  
  52  9:02  Command Center, Liberator  
  53  9:04  Siege Tank  
  59  9:33  Missile Turret  
  59  9:36  Siege Tank  
  62  9:44  Liberator  
  62  9:48  Missile Turret  
  65  10:09  Missile Turret  
  65  10:15  Command Center  
  65  10:39  SCV  
  65  10:41  Marine x2  
  68  10:43  Marine  
  68  10:48  Siege Tank  
  72  10:51  SCV  
  72  10:58  Marine  
  72  10:59  Marine  
  72  11:01  Marine  
  75  11:11  SCV  
  75  11:16  Marine  
  75  11:17  Marine  
  78  11:19  Marine  
  78  11:20  Siege Tank  
  78  11:24  Armory  
  82  11:34  Marine x2  
  82  11:36  Marine  
  85  11:49  Fusion Core  
  85  11:52  Siege Tank, Marine x2  
  90  11:54  Marine  
  85  12:12  Marine  
  86  12:25  Thor  
  92  12:30  Marine  
  93  12:48  Marine  
  93  12:51  Hi-Sec Auto Tracking  
  94  12:56  Orbital Command  
  94  12:57  Orbital Command  
  94  13:05  Marine  
  95  13:54  Starport Tech Lab  
  95  14:00  Barracks Tech Lab  
  95  14:14  Hellion  
  97  14:31  Supply Depot  
  97  14:35  Hellion  
  99  14:54  Supply Depot  
  95  15:16  Supply Depot  
  95  15:39  Supply Depot  
  95  15:52  Medivac  
  97  16:09  Marine x2  
  99  16:22  Medivac  
  101  16:27  Marine  
  102  16:51  Medivac  
  104  17:33  Sensor Tower  
  104  18:11  Sensor Tower  
  104  18:30  Missile Turret  
  93  18:35  Stimpack  
  93  19:50  Marine  
  93  19:51  Marine x2  
  96  20:08  Marine  
  96  20:09  Marine x2  
  99  20:26  Marine x3  
  102  20:44  Marine x3  
  105  21:02  Marine  
  180  21:18  Viking  
  76  21:20  Marine  
  76  21:23  Starport  
  76  21:24  Starport  
  79  21:38  Refinery  
  79  21:41  Refinery  
  79  21:48  Viking  
  81  22:04  Viking  
  77  22:18  Viking  
  54  22:30  Marine x2  
  54  22:33  Marine  
  53  22:48  Command Center, Missile Turret, Marine x2  
  53  22:49  Missile Turret  
  53  22:51  Marine  
  53  23:01  Missile Turret  
  45  23:05  Marine  
  45  23:06  Marine  
  45  23:07  Viking x2  
  45  23:09  Marine  
  47  23:22  Missile Turret  
  47  23:23  Marine x2  
  47  23:26  Marine  
  47  23:34  Missile Turret  
  44  23:37  Viking x2  
  44  23:38  Missile Turret  
  41  23:44  Marine  
  36  24:01  SCV  
  37  24:06  Barracks  
  37  24:13  SCV  
  37  24:16  Barracks  
  38  24:22  Viking, Barracks  
  38  24:23  Viking, Barracks x2  
  42  24:25  SCV, Barracks  
  43  24:36  Marine x3  
  43  24:37  SCV  
  47  24:50  SCV  
  47  24:52  Viking  
  50  24:53  Marine  
  50  24:54  Marine x2  
  50  24:55  Command Center  
  53  25:02  Barracks Reactor  
  53  25:10  Barracks  
  53  25:11  Marine  
  53  25:12  Marine x2  
  56  25:23  Barracks Reactor  
  56  25:24  Barracks Reactor  
  56  25:29  Marine x3  
  56  25:34  SCV  
  56  25:40  Marine x5  
  53  25:46  SCV  
  53  25:47  Marine x3  
  50  25:58  SCV  
  50  26:01  Marine x9  
  39  26:05  Marine x2  
  39  26:08  Marine  
Show
View Real Time Build Order
Export as new Build Order

IA (moyenne) Protoss - Winner!

Build Orders:  

Get SALT Encoding   

  12  0:00  Probe  
  13  0:13  Probe  
  14  0:19  Pylon  
  14  0:25  Probe  
  15  0:33  Probe  
  15  0:38  Gateway  
  15  0:41  Probe  
  16  0:48  Assimilator  
  17  0:51  Probe  
  18  0:59  Pylon  
  18  1:26  Cybernetics Core  
  18  1:29  Gateway  
  18  1:31  Zealot  
  18  1:33  Assimilator  
  20  1:53  Zealot  
  20  1:56  Warp Gate  
  22  2:05  Pylon  
  22  2:16  Zealot  
  24  2:26  Stalker  
  26  2:30  Probe  
  27  2:43  Probe, Adept  
  30  2:49  Pylon  
  30  2:55  Probe  
  30  2:56  Stalker  
  33  3:06  Forge  
  33  3:07  Probe  
  34  3:19  Probe  
  35  3:31  Probe  
  36  4:58  Probe  
  36  5:01  Sentry  
  36  5:03  Photon Cannon  
  36  5:05  Photon Cannon  
  39  5:12  Pylon  
  39  5:14  Robotics Facility  
  39  5:15  Stalker  
  39  5:17  Stargate  
  39  5:18  Twilight Council  
  39  5:21  Gateway  
  41  5:23  Forge  
  41  5:29  Stalker  
  41  5:30  Probe  
  41  5:34  Pylon  
  44  5:42  Stalker  
  46  5:56  Sentry  
  38  6:03  Observer  
  37  6:09  Adept  
  39  6:23  Nexus, Stalker  
  39  6:24  Observer  
  42  6:37  Adept  
  44  6:50  Zealot  
  46  7:04  Zealot  
  48  7:17  Stalker  
  50  7:32  Probe  
  51  7:39  Probe  
  51  7:40  Probe  
  51  7:44  Pylon, Assimilator  
  52  7:47  Assimilator  
  52  7:49  Pylon  
  52  7:50  Probe  
  53  7:51  Probe  
  55  8:03  Probe  
  55  8:04  Probe  
  57  8:08  Photon Cannon  
  57  8:11  Photon Cannon  
  57  8:15  Probe  
  57  8:16  Probe  
  59  8:23  Probe  
  59  8:28  Probe  
  59  8:31  Probe  
  61  8:39  Probe  
  61  8:40  Probe  
  64  8:50  Probe  
  64  8:52  Probe  
  66  9:02  Probe  
  67  9:04  Probe  
  68  9:14  Probe  
  69  9:32  Void Ray  
  69  9:42  Warp Prism  
  69  9:45  Gateway  
  75  9:47  Protoss Ground Armor Level 1  
  75  9:48  Robotics Facility  
  75  9:51  Stargate  
  75  9:52  Stalker, Protoss Ground Weapons Level 1  
  75  9:53  Pylon  
  75  9:57  Templar Archives  
  77  10:00  Robotics Bay  
  77  10:02  Dark Shrine  
  77  10:05  Fleet Beacon  
  77  10:11  Warp Prism  
  77  10:14  Void Ray  
  83  10:30  Stalker  
  83  10:36  Observer  
  83  10:41  Zealot  
  76  10:47  Gravitic Boosters  
  76  10:52  Zealot  
  68  11:02  Sentry  
  70  11:13  Sentry  
  70  11:15  Nexus  
  72  11:24  Adept  
  74  11:34  Stalker  
  76  11:40  Gravitic Drive  
  76  11:45  Adept  
  78  11:56  Stalker  
  80  12:07  Stalker  
  82  12:17  Stalker  
  84  12:28  Probe  
  85  12:31  Probe  
  85  12:34  Probe  
  87  12:37  Probe, Assimilator  
  87  12:39  Pylon  
  87  12:41  Pylon  
  87  12:43  Probe, Assimilator  
  89  12:44  Probe  
  89  12:45  Probe  
  91  12:55  Probe x2  
  93  13:01  Photon Cannon  
  93  13:04  Photon Cannon  
  93  13:54  Blink  
  93  14:02  Disruptor  
  93  14:10  Protoss Ground Weapons Level 2  
  93  14:14  Immortal  
  96  14:18  Zealot, Protoss Air Weapons Level 1  
  102  14:29  Protoss Ground Armor Level 2, Disruptor  
  102  14:30  Carrier  
  111  14:56  Stalker  
  93  15:02  Stalker  
  83  15:07  Adept  
  83  15:13  Stalker  
  87  15:19  Sentry  
  89  15:25  Zealot  
  91  15:30  Zealot  
  93  15:36  Sentry  
  93  15:42  Stalker  
  97  16:19  Protoss Air Armor Level 1  
  97  16:21  Protoss Shields Level 1  
  97  16:30  Nexus  
  97  16:48  Protoss Ground Weapons Level 3  
  97  17:23  Void Ray  
  97  17:34  Stargate  
  97  17:36  Pylon  
  101  17:38  Void Ray  
  105  17:51  Assimilator  
  105  17:52  Pylon  
  105  17:53  Assimilator  
  105  17:55  Pylon  
  105  18:06  Tempest  
  105  18:11  Void Ray  
  105  18:12  Protoss Air Weapons Level 2  
  110  18:15  Photon Cannon  
  110  18:16  Protoss Ground Armor Level 3  
  110  18:17  Photon Cannon  
  110  18:19  Photon Cannon  
  110  18:22  Stargate  
  98  18:27  Phoenix  
  80  18:48  Void Ray  
  80  18:50  Void Ray  
  80  18:53  Void Ray  
  92  19:13  Phoenix  
  94  19:23  Protoss Shields Level 2  
  94  20:19  Protoss Air Armor Level 2  
  94  21:10  High Templar  
  96  21:18  Zealot  
  98  21:26  Stalker, Protoss Shields Level 3  
  100  21:33  Immortal  
  100  21:34  Sentry  
  106  21:50  Zealot  
  108  21:58  Stalker  
  108  22:05  Stalker  
  110  22:14  Sentry  
  112  22:20  Observer  
  112  22:22  Observer, High Templar  
  102  22:25  Nexus  
  100  22:40  Immortal  
  100  22:44  High Templar, Archon  
  106  22:52  High Templar  
  108  23:06  High Templar, Archon  
  110  23:14  High Templar  
  108  23:28  Dark Templar, Archon  
  110  23:47  Assimilator  
  110  23:48  Pylon  
  102  23:49  Pylon  
  102  23:52  Assimilator  
  97  24:02  Dark Templar  
  99  24:11  Photon Cannon  
  99  24:14  Photon Cannon  
  99  24:15  Archon  
  99  24:56  Adept  
  101  25:04  Zealot  
  103  25:12  Stalker  
  105  25:20  Adept  
  107  25:25  Colossus  
  107  25:28  Adept  
  109  25:39  Tempest  
Tags
 
League
Diamond
Matchup
PvT
Replay Pack
Pack 2
Spawn Locations
Cross Positions
Add a new tag
Caveats
  • Supply blocks, unpowered buildings, or Contaminate may cause inaccurate times.
  • Supply counts are checked every 10 seconds.